 Dungeon Crawl Stone Soup version 0.28.0-45-g0d030f2227 (webtiles) character file.

Game seed: 7691992019363604001

464 adizb the Chopper (level 6, -1/57 HPs)
             Began as a Deep Dwarf Berserker on Apr 17, 2022.
             Was a Believer of Trog.
             Slain by Duvessa
             ... wielding a +0 short sword
              (14 damage)
             ... on level 3 of the Dungeon.
             The game lasted 00:12:26 (2006 turns).

adizb the Chopper (Deep Dwarf Berserker)            Turns: 2006, Time: 00:12:26

Health: -1/57      AC:  9    Str: 23    XL:     6   Next: 80%
Magic:  5/5        EV:  9    Int:  7    God:    Trog [**....]
Gold:   127        SH:  0    Dex: 18    Spells: 5/5 levels left

rFire   . . .      SeeInvis .   a - +0 hand axe
rCold   + . .      Faith    .   (no shield)
rNeg    . . .      Spirit   .   q - +0 chain mail
rPois   .          Reflect  .   (no helmet)
rElec   .          Harm     .   (no cloak)
rCorr   .          Rampage  .   (no gloves)
Will    .....                   (no boots)
Stlth   ..........              (no amulet)
HPRegen 0.00/turn               j - +6 ring of dexterity
MPRegen 0.09/turn               c - ring of protection from cold

@: on berserk cooldown, slowed, very slow
A: damage resistance, heal wounds, sense surroundings 1, no regeneration
a: Heal Wounds, Renounce Religion, Berserk, Trog's Hand


You were on level 3 of the Dungeon.
You worshipped Trog.
Trog was pleased with you.
You visited 1 branch of the dungeon, and saw 4 of its levels.

You collected 127 gold pieces.

Inventory:

Hand Weapons
 a - a +0 hand axe (weapon)
Armour
 h - a +0 scale mail
 q - a +0 chain mail (worn)
Jewellery
 c - a ring of protection from cold (right hand)
 j - a +6 ring of dexterity (left hand)
 o - an amulet of guardian spirit
Wands
 p - a wand of flame (2)
Scrolls
 d - 2 scrolls of teleportation
 e - a scroll of magic mapping
 f - a scroll of immolation {unknown}
 k - a scroll of vulnerability {unknown}
 n - a scroll of enchant weapon {unknown}
Potions
 g - a potion of brilliance
 i - 2 potions of might {unknown}
 l - 2 potions of invisibility {unknown}
 m - a potion of berserk rage {unknown}


   Skills:
 + Level 4.2 Fighting
 * Level 6.4 Axes
 + Level 4.4 Armour
 - Level 2.1 Dodging


You had 5 spell levels left.
You didn't know any spells.
Your spell library was empty.

Dungeon Overview and Level Annotations

Branches:
Dungeon (4/15)
 Temple: D:4-7

Altars:

Annotations:
D:3 Duvessa
D:4 Menkaure


Innate Abilities, Weirdness & Mutations

You are resistant to damage.
You can heal yourself by infusing magical energy.
You passively map a small area around you.
You do not regenerate.


Message History

Duvessa gestures with her weapon.
Duvessa barely misses you. Dowan closely misses you.
You slash Dowan!
You kill Dowan!
Trog accepts your kill.
Trog appreciates your killing of a magic user.
Duvessa screams in rage.
Duvessa goes berserk!
You hit Duvessa but do no damage. Duvessa hits you with a +0 short sword!
You barely miss Duvessa. Duvessa barely misses you.
You slash Duvessa!
Duvessa is lightly wounded.
Duvessa hits you with a +0 short sword!
You hit Duvessa but do no damage.
Duvessa is lightly wounded.
Duvessa hits you with a +0 short sword.
Menkaure calls on the powers of darkness!
Duvessa convulses!
The kobold convulses!
Your body is wracked with pain!
You feel a strong urge to attack something.
You are no longer berserk.
You are exhausted.
You feel yourself slow down.
Your skin stops crawling.
You feel less strong-willed. Duvessa hits you with a +0 short sword.
* * * LOW HITPOINT WARNING * * *
There is a stone staircase leading up, spattered with blood here.
Duvessa hits you with a +0 short sword!
* * * LOW HITPOINT WARNING * * *
Duvessa closely misses you.
You climb upwards.
There is a stone staircase leading down here.
You feel much better. Duvessa barely misses you. Duvessa closely misses you.
You hit Duvessa but do no damage.
Duvessa is heavily wounded.
Duvessa hits you but does no damage. Duvessa hits you with a +0 short sword!
* * * LOW HITPOINT WARNING * * *
You barely miss Duvessa.
Duvessa is heavily wounded.
Duvessa hits you with a +0 short sword!
You die...

#.##...# #...# #.....###
###..# ##..÷...###....#
#####.)..###.###..#
####.........#...#.†.#
#...###..†.#...#..†#.#
#...# ##..###.###..#.###
#...# ##e...###......##.
#...# #@..###.###.......
#...###.#..#...#.......#
#....................###
#...###.##........>..###
#...##..##.######.......
#...##.#...# ##..#)##.
#...##.#.### ##.....##.
###......# ##..##.....
#......# #..###....#


You could see Duvessa (berserk).

Vanquished Creatures
  Sigmund (D:3)
  Dowan (D:4)
  A hound (D:4)
  An orc priest (D:3)
  Jessica (D:2)
  Natasha (thrice) (D:3)
  Terence (D:3)
  2 adders
  A worm (D:2)
  A dart slug (D:1)
  8 orcs (D:3)
  8 bats
  5 endoplasms
  A giant cockroach (D:3)
  3 goblins
  4 hobgoblins
  9 jackals
  5 kobolds
  A quokka (D:3)
  3 ball pythons
  3 frilled lizards
  3 rats
66 creatures vanquished.

Notes
Turn   | Place    | Note
-------+----------+-------------------------------------------
     0 | D:1      | adizb the Deep Dwarf Berserker began the quest for the Orb.
     0 | D:1      | Reached XP level 1. HP: 20/20 MP: 1/1
   243 | D:1      | Reached XP level 2. HP: 22/27 MP: 2/2
   637 | D:1      | Found a faded altar of an unknown god.
   898 | D:2      | Reached skill level 4 in Axes
   900 | D:2      | Noticed Jessica
   907 | D:2      | Killed Jessica
   907 | D:2      | Reached ** piety under Trog
   908 | D:2      | Reached XP level 3. HP: 16/34 MP: 2/2
  1090 | D:2      | Reached XP level 4. HP: 35/42 MP: 3/3
  1491 | D:3      | Noticed Terence
  1539 | D:3      | Killed Terence
  1540 | D:3      | Reached skill level 5 in Axes
  1555 | D:3      | Reached XP level 5. HP: 31/49 MP: 4/4
  1617 | D:3      | Noticed Natasha
  1625 | D:3      | Killed Natasha
  1793 | D:3      | Noticed Sigmund
  1808 | D:3      | Killed Sigmund
  1809 | D:3      | Reached XP level 6. HP: 57/57 MP: 5/5
  1819 | D:3      | Reached skill level 6 in Axes
  1871 | D:3      | Noticed Natasha
  1877 | D:3      | Killed Natasha
  1948 | D:3      | Noticed Natasha
  1956 | D:3      | Killed Natasha
  1983 | D:4      | Noticed Dowan
  1984 | D:4      | Noticed Duvessa
  1991 | D:4      | Noticed Menkaure
  1995 | D:4      | Killed Dowan
  2006 | D:3      | Slain by Duvessa

Illustrated notes

Levels and vault maps discovered:
D:1:      dpeg_arrival_round_b, layout_basic, basic_ecumenical_altar
D:2:      layout_loops_ring, minmay_cut_off, uniq_jessica
D:3:      layout_rooms, minmay_between, uniq_natasha, uniq_terence, uniq_sigmund
D:4:      layout_cave_pools, dk_noncrumbling_2, nicolae_shop_dragon_depot,
          uniq_grinder, uniq_menkaure, uniq_pikel, uniq_duvessa, uniq_ijyb,
          uniq_blork_the_orc

Skill      XL: |  1  2  3  4  5  6 |
---------------+-------------------+-----
Fighting       | 3 4 |  4.2
Axes           | 4 5 6 |  6.4
Armour         | 3 4 |  4.4
Dodging        | |  2.1

Action                   |  1- 3 |  4- 6 || total
-------------------------+-------+-------++-------
Melee: Hand axe          |   120 |   128 ||   248
Invok: Trog's Hand       |       |     4 ||     4
       Berserk           |       |     2 ||     2
 Abil: Heal Wounds       |     2 |     1 ||     3
  Use: Scroll            |     2 |     1 ||     3
Armor: Animal skin       |    19 |       ||    19
       Scale mail        |    12 |    38 ||    50
       Chain mail        |       |     9 ||     9
Dodge: Dodged            |    91 |    91 ||   182
